 Dungeon Crawl Stone Soup version 0.18.1-48-g4cf74bf (webtiles) character file.

15 Neosonic97 the Ruffian (level 2, 0/23 HPs)
             Began as a Draconian Transmuter on Sept 8, 2016.
             Succumbed to an adder's poison
             ... on level 2 of the Dungeon.
             The game lasted 00:05:44 (557 turns).

Neosonic97 the Ruffian (Draconian Transmuter)        Turns: 557, Time: 00:05:44

Health: 0/23       AC:  5    Str: 12    XL:     2   Next: 34%
Magic:  5/5        EV: 12    Int: 13    God:
Gold:   36         SH:  0    Dex: 11    Spells: 2 memorised, 2 levels left

rFire  . . .     SeeInvis .       - Unarmed
rCold  . . .     Gourm    .     (armour unavailable)
rNeg   . . .     Faith    .     (no shield)
rPois  .         Spirit   .     (helmet restricted)
rElec  .         Dismiss  .     (no cloak)
rCorr  .         Reflect  .     (no gloves)
SustAt .         Harm     .     f - +0 pair of boots
MR     .....                    (no amulet)
Stlth  +.........               (no ring)
                                (no ring)

@: lethally poisoned (0 -> -6), not resistant to hostile enchantments, very
unstealthy
A: unfitting armour, cold-blooded, AC +4
a: no special abilities


You were on level 2 of the Dungeon.
You were not hungry.

You visited 1 branch of the dungeon, and saw 2 of its levels.

You collected 36 gold pieces.

Inventory:

Missiles
 a - 46 arrows (quivered)
Armour
 f - a +0 pair of boots (worn)
Scrolls
 h - a scroll of enchant weapon {unknown}
 i - a scroll of remove curse {unknown}
 k - a scroll of fear {unknown}
Potions
 d - a potion of beneficial mutation {unknown}
 e - a potion of resistance {unknown}
 g - a potion of lignification {unknown}
Books
 b - a book of Changes

   Spells                             Type                      Level
   a - Beastly Appendage              Transmutation                1
   b - Sticks to Snakes               Transmutation                2
   c - Spider Form                    Transmutation/Poison         3
   d - Ice Form                       Ice/Transmutation            4
   e - Blade Hands                    Transmutation                5
Comestibles
 c - a bread ration
 j - a slice of pizza
 l - 9 chunks of flesh


   Skills:
 * Level 1.2 Fighting
 - Level 1.7 Dodging
 * Level 3.5 Unarmed Combat
 * Level 2.1 Spellcasting
 * Level 2.2 Transmutations


You had 2 spell levels left.
You knew the following spells:

 Your Spells              Type           Power        Failure   Level  Hunger
a - Beastly Appendage     Trmt           #.....       12%         1    ##.....
b - Sticks to Snakes      Trmt           #.......     17%         2    ###....


Dungeon Overview and Level Annotations

Branches:
Dungeon (2/15)

Altars:


Innate Abilities, Weirdness & Mutations

Your plain brown scales are hard (AC +4).
Your body does not fit into most forms of armour.
You are cold-blooded and may be slowed by cold attacks.


Message History

You barely miss the adder. Your headbutt misses the adder.
The adder is moderately wounded.
* * * LOW HITPOINT WARNING * * *
You feel sick. The adder bites you.
* * * LOW HITPOINT WARNING * * *
You miss the adder.
The adder is moderately wounded.
The adder bites you but does no damage. The adder barely misses you.
You hit the adder.
The adder is severely wounded.
* * * LOW HITPOINT WARNING * * *
You feel sick. The adder barely misses you.
You closely miss the adder. Your headbutt misses the adder.
Your tail-slap misses the adder.
The adder is severely wounded.
The adder barely misses you.
You hit the adder.
Your tail-slap misses the adder.
The adder is almost dead.
Your horns disappear.
You die...

## .# .# ##.# ...# #..
##### . #.# #.# ##...#
....###.###### #.#
.... #........S@.# #.#
... #.####.####.#
#.######.# #.# #.#
#........## ..#
#.#####..# #... ##.#
#........#####.##
...####..>........##.#
........######.##.##.#
#######.# #.##.##.#
... #.......#


You could see an adder.

Vanquished Creatures
  A dart slug (D:1)
  2 giant geckos (D:2)
  A goblin (D:1)
  2 hobgoblins
  A quokka (D:2)
  A bat (D:1)
  3 rats
11 creatures vanquished.

Notes
Turn   | Place    | Note
--------------------------------------------------------------
     0 | D:1      | Neosonic97 the Draconian Transmuter began the quest for the Orb.
     0 | D:1      | Reached XP level 1. HP: 16/16 MP: 3/3
   394 | D:2      | Reached XP level 2. HP: 23/23 MP: 3/5
   499 | D:2      | Learned a level 2 spell: Sticks to Snakes
   555 | D:2      | HP: 1/23 [poisoned by an adder]
   557 | D:2      | Succumbed to an adder's poison

Action                   || total
-------------------------++-------
Melee: Unarmed           ||    45
       Headbutt          ||     4
       Tailslap          ||     2
 Cast: Beastly Appendage ||    10
Armor: Skin              ||    15
Dodge: Dodged            ||    27
